AoeStats
← Lukan

Arabia

514188171Analyzed
1v1 RM · 21d ago on Oct 17, 2026· 22m 15s· 2 players
Game mode
Random Map
Map size
Tiny (2 player)
Population
200
Speed
Normal
Resources
Standard
Victory
Conquest
Starting age
Dark Age
Ending age
Imperial Age
RankedLock teamsTeams togetherTeam positionsShared explorationLock speedFull tech treeHidden civsTurbo modeCheats
Victory
Defeat
🇲🇽 Franks · Mexico
1195
+16
vs
🇵🇪 Franks · Peru
1196
-16
[LCQL]Wlkr
6:31 Loom
9:41 Feudal Age
10:15 Town Watch
10:38 Double-Bit Axe
17:34 Fletching
22:10 Castle Age
20:55 Padded Archer Armor
21:06 Scale Barding Armor
21:15 Gold Mining
22:40 Forging
22:54 Husbandry
Lukan
6:27 Loom
9:12 Feudal Age
9:39 Double-Bit Axe
11:50 Town Watch
Connection lost

Rejoining the realm…

Still unreachable

The connection could not be restored.

Session expired

The server has moved on; the page needs a fresh start.